Map: Rhoskallian LE

Players

Mücke

  • Race: Protoss Protoss
  • League: Diamond
  • Spawn Location: 12:00

Znation

  • Race: Zerg Zerg
  • Spawn Location: 11:00

qqq - Winner!

  • Race: Zerg Zerg
  • Spawn Location: 5:00

Massa - Winner!

  • Race: Terran Terran
  • League: Platinum
  • Spawn Location: 6:00

VOD

Have the link to the VOD?

Description

Time

  • Played on: Nov. 6, 2020, 2:35 p.m.
  • Length: 19:01
Show
View Real Time Build Order
Export as new Build Order

Mücke Protoss 

Build Orders: Zealot Archon 

Get SALT Encoding   

  12  0:00  Probe (Chrono Boost)  
  13  0:10  Probe (Chrono Boost)  
  14  0:20  Pylon  
  14  0:21  Probe  
  15  0:38  Probe  
  15  0:39  Gateway  
  16  0:44  Assimilator  
  16  0:50  Probe  
  17  1:02  Probe (Chrono Boost)  
  19  1:12  Probe (Chrono Boost)  
  19  1:17  Probe (Chrono Boost)  
  20  1:28  Probe  
  20  1:29  Cybernetics Core  
  21  1:35  Gateway  
  21  1:38  Pylon  
  21  1:40  Probe  
  21  1:44  Assimilator  
  22  1:53  Probe  
  23  2:05  Probe, Adept  
  23  2:08  Warp Gate  
  25  2:29  Nexus  
  25  2:35  Twilight Council  
  25  2:37  Probe  
  26  2:55  Adept (Chrono Boost)  
  30  3:00  Probe  
  30  3:04  Adept (Chrono Boost)  
  31  3:11  Robotics Facility  
  31  3:12  Resonating Glaives  
  31  3:31  Gateway  
  31  3:34  Pylon  
  31  3:41  Probe (Chrono Boost)  
  33  3:45  Probe (Chrono Boost)  
  33  3:50  Probe (Chrono Boost)  
  33  3:52  Gateway  
  33  3:54  Probe (Chrono Boost)  
  35  4:03  Warp Prism  
  31  4:36  Adept x3  
  37  4:45  Probe  
  37  4:48  Pylon  
  37  4:50  Observer  
  39  4:52  Pylon  
  39  4:54  Probe (Chrono Boost)  
  39  4:57  Forge  
  39  4:58  Pylon  
  41  5:01  Assimilator  
  41  5:02  Probe (Chrono Boost)  
  41  5:07  Probe (Chrono Boost)  
  42  5:12  Probe x2 (Chrono Boost)  
  44  5:20  Adept  
  44  5:21  Adept x3  
  52  5:35  Protoss Ground Weapons Level 1 (Chrono Boost)  
  46  5:40  Probe  
  37  5:46  Robotics Bay  
  37  5:47  Probe  
  38  5:52  Probe, Assimilator  
  39  5:59  Probe  
  39  6:04  Probe, Photon Cannon  
  40  6:10  Shield Battery  
  41  6:13  Shield Battery  
  41  6:17  Stalker x2  
  41  6:18  Stalker  
  44  6:27  Adept  
  36  6:43  Stalker x2  
  36  6:44  Stalker  
  39  6:51  Stalker  
  41  6:55  Photon Cannon  
  41  6:58  Templar Archives  
  41  7:03  Probe (Chrono Boost)  
  43  7:11  Probe (Chrono Boost)  
  43  7:12  Photon Cannon  
  43  7:13  Probe (Chrono Boost)  
  44  7:17  Probe (Chrono Boost)  
  44  7:18  Probe (Chrono Boost)  
  46  7:26  Observer (Chrono Boost)  
  46  7:29  Probe  
  48  7:39  Observer (Chrono Boost), High Templar  
  51  7:50  High Templar  
  53  7:55  Archon  
  53  7:58  Protoss Ground Armor Level 1 (Chrono Boost)  
  53  8:01  Blink  
  53  8:09  High Templar  
  55  8:15  High Templar  
  55  8:17  Probe  
  55  8:18  Probe  
  59  8:22  Nexus  
  59  8:25  Photon Cannon  
  59  8:29  Probe  
  59  8:30  Probe  
  59  8:33  Pylon  
  61  8:42  Archon  
  59  8:54  High Templar x2  
  61  9:11  Archon  
  57  9:21  Pylon  
  57  9:32  Pylon  
  57  9:44  Pylon  
  57  9:49  Pylon  
  57  9:56  Protoss Shields Level 1 (Chrono Boost)  
  57  10:09  Gateway  
  57  10:12  Photon Cannon  
  57  10:17  Photon Cannon  
  57  10:29  Stalker x3  
  63  10:38  Pylon  
  63  10:39  Photon Cannon x2  
  63  10:41  Shield Battery  
  41  11:15  Stalker x2  
  41  11:16  Stalker  
  41  11:18  High Templar  
  48  11:24  Shield Battery  
  48  11:29  Gateway x2  
  48  11:32  Probe  
  49  11:38  High Templar  
  51  11:46  Adept x3  
  57  11:48  Archon  
  57  11:55  Shield Battery  
  57  12:00  Colossus (Chrono Boost)  
  58  12:03  Protoss Shields Level 2 (Chrono Boost)  
  58  12:08  Psionic Storm  
  63  12:10  High Templar x2  
  67  12:16  Archon, Stalker  
  67  12:17  Stalker x2  
  73  12:44  Probe  
  73  12:45  Probe  
  73  12:49  Nexus  
  74  13:06  Probe  
  74  13:07  Probe  
  74  13:09  Stalker  
  73  13:22  Pylon  
  73  13:24  Pylon  
  73  13:30  Pylon  
  73  13:31  Pylon  
  73  13:38  Probe  
  73  13:39  Colossus  
  73  13:40  Probe  
  67  14:01  Stalker  
  67  14:02  Stalker x2  
  71  14:04  Stalker  
  71  14:06  Photon Cannon  
  68  14:14  Nexus  
  58  14:21  Pylon  
  57  14:25  High Templar  
  57  14:26  High Templar x3  
  59  14:34  Pylon  
  58  14:38  Archon  
  58  14:39  Archon  
  58  14:41  Probe  
  58  14:53  Probe  
  55  15:05  Probe  
  56  15:07  Probe  
  57  15:17  Probe  
  51  15:32  Probe (Chrono Boost)  
  51  15:35  Probe (Chrono Boost)  
  47  15:45  Probe (Chrono Boost)  
  47  15:48  Pylon  
  40  15:50  Probe (Chrono Boost)  
  40  15:53  Probe (Chrono Boost)  
  40  15:55  Probe (Chrono Boost)  
  37  15:58  High Templar x2  
  37  15:59  High Templar  
  36  16:14  Probe (Chrono Boost)  
  36  16:17  Pylon  
  37  16:28  Stalker x2  
  37  16:29  Stalker x2  
  37  16:30  Probe (Chrono Boost)  
  46  16:37  Photon Cannon  
  46  16:38  Photon Cannon  
  47  16:40  Probe (Chrono Boost)  
  47  16:41  Pylon  
  47  16:42  Shield Battery  
  47  16:44  Probe (Chrono Boost)  
  48  16:48  Archon  
  48  16:52  Observer  
  47  17:01  Probe (Chrono Boost)  
  48  17:02  Gateway  
  48  17:04  Gateway, High Templar x3  
  54  17:10  Archon  
  54  17:13  Observer  
  54  17:15  Photon Cannon  
  55  17:18  Shield Battery  
  52  17:31  High Templar  
  54  17:47  Nexus  
  54  18:07  Archon  
  54  18:11  Pylon  
  54  18:12  Probe  
  55  18:13  Probe  
  55  18:15  Pylon  
  56  18:24  Probe  
  56  18:25  Probe  
  48  18:36  Probe  
  48  18:37  Probe, High Templar  
  48  18:38  High Templar  
  48  18:40  Zealot x3  
  56  18:42  Archon  
  52  18:49  Probe x2, Photon Cannon  
Show
View Real Time Build Order
Export as new Build Order

Znation Zerg 

Build Orders: Hatch First, Lurkers 

Get SALT Encoding   

  12  0:01  Drone  
  13  0:08  Drone  
  14  0:18  Overlord  
  14  0:36  Drone x3  
  17  0:47  Drone  
  18  0:58  Drone  
  18  1:03  Hatchery  
  18  1:05  Extractor  
  17  1:15  Spawning Pool  
  17  1:17  Drone  
  17  1:21  Drone  
  18  1:33  Drone  
  19  1:51  Drone  
  20  1:54  Drone  
  21  2:02  Drone  
  22  2:11  Metabolic Boost  
  22  2:15  Queen, Overlord  
  24  2:17  Zergling x2  
  24  2:18  Queen  
  27  2:26  Zergling x2  
  27  2:27  Baneling Nest  
  27  2:28  Zergling x2  
  28  2:34  Drone  
  29  2:37  Drone  
  30  3:03  Drone x4  
  34  3:10  Zergling x4  
  36  3:20  Overlord x2  
  36  3:34  Lair  
  36  3:37  Queen  
  38  3:42  Baneling x4  
  38  3:44  Zergling x2  
  38  3:45  Zergling x10  
  44  3:52  Zergling x4  
  46  4:01  Drone x2  
  48  4:07  Baneling  
  48  4:08  Baneling x2  
  48  4:10  Hatchery  
  43  4:35  Zergling x10  
  43  4:36  Zergling x8  
  47  4:48  Drone x4  
  50  4:56  Extractor  
  50  4:58  Extractor  
  47  5:02  Drone x4, Roach Warren  
  50  5:07  Extractor  
  50  5:11  Hydralisk Den  
  48  5:22  Drone x3  
  51  5:28  Drone x6  
  51  5:34  Overlord  
  57  5:36  Overlord x3  
  55  5:59  Drone x9  
  64  6:07  Spore Crawler  
  64  6:09  Spore Crawler  
  64  6:10  Spore Crawler  
  64  6:11  Muscular Augments  
  61  6:12  Hydralisk  
  61  6:13  Spore Crawler  
  61  6:16  Overlord  
  61  6:18  Drone  
  63  6:28  Spore Crawler  
  62  6:33  Hydralisk x4  
  70  6:46  Hydralisk  
  70  6:47  Hydralisk x3  
  78  7:12  Evolution Chamber  
  77  7:16  Drone x5  
  77  7:18  Spine Crawler, Evolution Chamber, Overlord x4  
  77  7:22  Grooved Spines  
  80  7:23  Extractor  
  80  7:29  Lurker Den  
  78  7:35  Drone x4  
  82  7:40  Centrifical Hooks  
  82  7:48  Overseer  
  82  7:49  Pneumatized Carapace  
  81  7:52  Hydralisk  
  81  7:53  Hydralisk x3  
  89  8:07  Drone x2  
  89  8:08  Drone x10  
  93  8:35  Zergling x16  
  93  8:45  Roach  
  93  8:46  Roach x6  
  103  8:51  Zergling x2  
  100  9:07  Hydralisk x3  
  106  9:17  Glial Reconstitution  
  106  9:21  Overlord x3  
  106  9:28  Spore Crawler x2  
  106  9:30  Extractor  
  103  9:32  Spine Crawler  
  103  9:34  Spine Crawler  
  101  9:42  Hatchery  
  101  9:43  Drone x10  
  110  9:51  Zerg Melee Weapons Level 1  
  110  9:52  Zerg Missile Weapons Level 1  
  106  9:58  Hydralisk x3, Evolution Chamber  
  105  10:06  Infestation Pit  
  100  10:08  Spore Crawler  
  100  10:13  Hydralisk x3  
  91  10:23  Queen  
  93  10:36  Hydralisk  
  93  10:37  Hydralisk x8  
  110  11:07  Hive  
  110  11:18  Hydralisk x7  
  122  11:28  Overlord x3  
  122  11:35  Hatchery  
  122  11:36  Lurker  
  122  11:39  Overlord x3  
  122  11:40  Overlord x2  
  122  11:46  Hatchery, Zerg Ground Armor Level 1  
  121  11:47  Zerg Missile Weapons Level 2  
  121  11:48  Zerg Melee Weapons Level 2  
  121  11:50  Lurker  
  121  11:53  Zergling x6  
  121  11:54  Zergling x12  
  131  11:56  Overlord  
  131  11:57  Overlord  
  131  12:16  Hydralisk x4  
  131  12:17  Hydralisk x5  
  146  12:49  Drone x3  
  146  12:50  Drone x7  
  156  12:57  Spore Crawler  
  156  12:58  Viper x3  
  158  12:59  Spore Crawler  
  158  13:02  Spore Crawler  
  162  13:09  Lurker x2  
  161  13:13  Extractor  
  161  13:16  Overseer  
  161  13:17  Overseer  
  161  13:18  Extractor  
  159  13:48  Hydralisk  
  159  13:49  Hydralisk x11  
  183  14:01  Drone x3  
  186  14:15  Drone x3  
  129  15:03  Hatchery  
  126  15:16  Lurker x6  
  126  15:17  Zergling x2, Lurker x4  
  126  15:18  Zergling x14  
  117  16:11  Hydralisk  
  117  16:12  Hydralisk x8  
  117  16:17  Hydralisk x4  
  116  16:33  Lurker x5  
  107  16:43  Hydralisk x6  
  101  16:50  Hydralisk x3  
  107  16:58  Hydralisk x3  
  103  17:28  Hatchery  
  102  17:32  Hydralisk x4  
  80  17:58  Zergling x2  
  80  17:59  Zergling x8  
  80  18:03  Lurker  
  82  18:31  Zergling x6  
  82  18:32  Zergling x18  
Show
View Real Time Build Order
Export as new Build Order

qqq Zerg - Winner!

Build Orders: Hatch First 

Get SALT Encoding   

  12  0:00  Drone  
  13  0:09  Drone  
  14  0:37  Hatchery  
  14  0:41  Drone  
  14  0:58  Spawning Pool  
  13  1:05  Overlord  
  13  1:10  Drone  
  14  1:14  Extractor  
  14  1:18  Drone  
  14  1:24  Drone  
  15  1:32  Drone  
  16  1:54  Queen  
  16  1:57  Drone  
  19  2:02  Drone  
  19  2:04  Drone  
  21  2:09  Drone  
  22  2:21  Queen  
  24  2:26  Drone  
  24  2:28  Drone  
  26  2:38  Lair  
  26  2:42  Drone  
  27  2:45  Drone  
  28  2:52  Extractor  
  28  2:55  Overlord  
  27  2:59  Overlord  
  27  3:05  Drone  
  27  3:06  Extractor  
  27  3:07  Drone  
  27  3:10  Metabolic Boost  
  28  3:19  Drone x3  
  31  3:22  Drone  
  31  3:25  Drone  
  33  3:33  Overlord  
  33  3:35  Drone  
  33  3:37  Drone  
  33  3:40  Zergling x2  
  36  3:50  Drone x2, Spine Crawler  
  36  3:51  Zergling x2  
  38  4:01  Spire  
  37  4:05  Drone x2  
  39  4:23  Zergling x8  
  39  4:24  Drone x4  
  47  4:35  Drone  
  47  4:37  Drone, Zergling x2  
  44  4:47  Drone  
  46  4:52  Drone  
  46  5:03  Drone, Overlord  
  46  5:05  Drone  
  48  5:07  Extractor  
  48  5:08  Extractor  
  46  5:21  Mutalisk x2  
  46  5:24  Mutalisk x2  
  46  5:26  Hatchery  
  50  5:40  Mutalisk x2  
  50  5:42  Zergling x2  
  55  5:43  Drone x3  
  58  5:52  Drone  
  59  5:57  Zerg Flyer Weapons Level 1  
  60  6:06  Hatchery  
  60  6:09  Overlord x2  
  60  6:10  Overlord x3  
  60  6:11  Drone  
  57  6:43  Mutalisk x2  
  57  6:44  Mutalisk x2  
  63  6:50  Drone x4  
  63  6:51  Drone x2, Mutalisk  
  69  6:58  Drone x3  
  72  7:04  Mutalisk x2  
  72  7:05  Overlord  
  76  7:13  Drone, Mutalisk  
  79  7:25  Mutalisk  
  79  7:29  Drone x4  
  86  7:30  Drone, Overlord x2  
  84  7:57  Mutalisk x3  
  90  7:58  Drone x3  
  90  7:59  Drone x3  
  90  8:04  Hatchery  
  93  8:08  Mutalisk  
  93  8:09  Drone x2  
  97  8:15  Mutalisk  
  93  8:38  Mutalisk  
  93  8:39  Hatchery, Mutalisk x2  
  98  8:52  Hatchery  
  95  9:28  Mutalisk x4  
  95  9:29  Mutalisk  
  100  9:55  Spine Crawler  
  100  9:59  Spine Crawler  
  98  10:01  Drone x3  
  98  10:06  Mutalisk  
  98  10:07  Mutalisk x3  
  97  10:08  Zergling x12  
  109  10:16  Drone x4  
  109  10:17  Queen  
  115  10:22  Mutalisk  
  115  10:23  Mutalisk  
  119  10:29  Zergling x2  
  119  10:30  Drone x2  
  119  10:34  Queen  
  119  10:35  Drone  
  125  10:48  Hatchery  
  114  10:59  Hatchery  
  109  11:06  Mutalisk x5  
  109  11:08  Drone x5  
  124  11:25  Drone x3  
  126  11:26  Drone x3  
  126  11:30  Extractor, Spine Crawler x2  
  126  11:31  Extractor  
  126  11:37  Queen  
  126  11:38  Drone  
  126  11:39  Drone  
  131  11:40  Drone, Queen  
  131  11:43  Zerg Flyer Armor Level 1  
  131  11:46  Infestation Pit  
  132  11:52  Spine Crawler  
  131  11:55  Spine Crawler  
  131  11:57  Drone x2  
  131  11:58  Drone x3  
  135  12:03  Evolution Chamber  
  135  12:04  Drone x3, Evolution Chamber  
  136  12:13  Spine Crawler  
  136  12:15  Spine Crawler  
  134  12:16  Spine Crawler  
  134  12:17  Mutalisk x3  
  134  12:18  Mutalisk  
  134  12:19  Zergling x6, Overlord x2  
  143  12:46  Mutalisk x3  
  143  12:47  Mutalisk x2  
  143  12:48  Overlord x2  
  143  12:49  Drone x4  
  143  12:50  Drone x8  
  143  12:51  Drone  
  166  12:53  Extractor x2  
  166  12:55  Spine Crawler  
  166  12:56  Spine Crawler  
  166  12:57  Spine Crawler  
  161  13:04  Drone x4  
  161  13:05  Drone x3  
  168  13:08  Hive  
  166  13:28  Zergling x8  
  166  13:29  Drone, Zergling x4  
  166  13:30  Drone x8  
  166  13:31  Drone  
  179  13:34  Spine Crawler x2  
  179  13:35  Spine Crawler  
  179  13:36  Zerg Flyer Weapons Level 2  
  179  13:37  Spine Crawler  
  165  13:45  Mutalisk x2  
  165  13:46  Mutalisk x6  
  165  13:47  Drone  
  165  13:48  Drone  
  175  13:59  Mutalisk x2  
  175  14:00  Drone  
  175  14:01  Drone x5  
  178  14:21  Mutalisk x4  
  175  14:39  Mutalisk  
  175  14:40  Mutalisk x2  
  127  15:03  Zerg Melee Weapons Level 1  
  127  15:04  Ultralisk Cavern, Zerg Ground Armor Level 1  
  126  15:07  Zergling x8  
  126  15:08  Zergling x10  
  126  15:09  Zergling x16  
  126  15:10  Zergling x8  
  145  15:23  Extractor  
  145  15:25  Extractor  
  132  15:48  Mutalisk  
  132  15:49  Mutalisk x2  
  134  16:04  Mutalisk x4  
  134  16:06  Ultralisk x2  
  134  16:07  Zergling x2  
  134  16:08  Drone x2, Zergling x10  
  134  16:09  Drone x2  
  163  16:19  Drone  
  145  16:45  Mutalisk x4  
  145  16:46  Extractor, Zergling x6  
  145  16:47  Zergling x4  
  157  16:48  Drone x2, Ultralisk x2  
  157  16:49  Extractor  
  157  16:51  Anabolic Synthesis  
  170  17:01  Extractor  
  170  17:02  Extractor  
  170  17:03  Spine Crawler  
  170  17:04  Spine Crawler  
  170  17:05  Spine Crawler x2  
  170  17:06  Spine Crawler x2  
  154  17:23  Drone x3  
  157  17:39  Drone x3  
  115  18:03  Ultralisk x2  
  115  18:04  Zergling x4, Ultralisk x3  
  115  18:05  Zergling x10  
  140  18:06  Drone x7  
  140  18:10  Baneling Nest  
  146  18:15  Zergling x4  
  147  18:34  Spine Crawler  
  147  18:36  Spine Crawler  
  147  18:40  Hatchery  
  143  18:53  Spine Crawler  
Show
View Real Time Build Order
Export as new Build Order

Massa Terran - Winner!

Build Orders:  

Get SALT Encoding   

  12  0:00  SCV  
  13  0:12  SCV  
  14  0:18  Supply Depot  
  14  0:24  SCV  
  15  0:40  SCV  
  15  0:41  Barracks  
  16  0:50  Refinery  
  16  0:52  SCV  
  17  0:57  Refinery  
  17  1:04  SCV  
  18  1:16  SCV  
  19  1:28  SCV  
  20  1:33  Reaper  
  21  1:43  Command Center  
  21  1:48  SCV  
  22  2:06  Factory  
  22  2:16  Orbital Command  
  22  2:30  Barracks Reactor  
  22  2:58  Armory  
  22  3:00  SCV  
  22  3:02  SCV  
  24  3:11  Supply Depot  
  24  3:12  SCV  
  25  3:14  SCV  
  25  3:15  Barracks Reactor  
  25  3:19  Widow Mine x2  
  30  3:26  Starport  
  30  3:29  Engineering Bay  
  30  3:39  Orbital Command  
  30  3:40  Widow Mine  
  32  3:49  Widow Mine  
  32  3:52  SCV  
  32  3:54  Marine  
  36  3:56  Marine  
  36  4:02  Widow Mine  
  39  4:04  SCV  
  40  4:10  Widow Mine  
  40  4:16  SCV  
  43  4:23  Widow Mine  
  42  4:29  Marine x2  
  44  4:31  Widow Mine  
  46  4:41  Factory  
  46  4:54  Supply Depot  
  46  4:58  Supply Depot  
  46  5:01  Missile Turret, Supply Depot  
  46  5:15  Marine  
  46  5:16  Widow Mine x2, Marine  
  48  5:21  Supply Depot  
  48  5:25  Factory Tech Lab  
  48  5:29  SCV  
  48  5:33  SCV, Marine x2  
  52  5:38  Widow Mine x2  
  52  5:40  Viking  
  58  5:51  Marine x2  
  60  6:01  Drilling Claws  
  60  6:09  Hellion x2, Marine x2  
  66  6:15  SCV  
  66  6:16  SCV  
  68  6:26  Marine  
  68  6:27  Marine  
  68  6:30  SCV, Hellion x2  
  68  6:31  SCV  
  76  6:36  Missile Turret  
  76  6:42  SCV  
  76  6:43  SCV  
  76  6:44  Supply Depot  
  78  6:52  Missile Turret  
  78  6:56  Supply Depot  
  78  7:00  Terran Infantry Weapons Level 1  
  78  7:05  SCV, Marine x2, Medivac, Siege Tank  
  86  7:17  SCV x2  
  86  7:18  Hellion x2  
  86  7:19  Infernal Pre-Igniter  
  92  7:23  Marine x2  
  94  7:36  Supply Depot  
  94  7:37  Supply Depot x2  
  94  7:57  SCV x2, Marine x2  
  94  7:58  Hellion x2, Siege Tank  
  102  8:00  Supply Depot  
  102  8:02  Supply Depot  
  102  8:03  Terran Vehicle And Ship Armor Level 1  
  105  8:10  SCV x2  
  107  8:15  Marine x2  
  109  8:22  SCV x2  
  111  8:34  SCV  
  95  8:54  Thor  
  97  8:56  Widow Mine x2  
  92  9:10  Marine  
  92  9:11  Marine  
  94  9:17  Widow Mine x2  
  98  9:27  Barracks  
  98  9:28  Barracks, Marine x2, Command Center  
  100  9:31  Barracks  
  100  9:37  Widow Mine  
  102  9:39  Widow Mine x2  
  102  9:41  Medivac  
  106  9:46  Marine  
  107  9:59  Widow Mine  
  109  10:00  Widow Mine  
  111  10:11  Medivac  
  112  10:25  Barracks Tech Lab x2  
  112  10:31  SCV x2  
  112  10:42  Orbital Command  
  112  10:43  SCV x2  
  112  10:48  Barracks Tech Lab  
  114  10:51  Marauder x2, Marine  
  114  10:52  Marine  
  114  10:55  SCV x2  
  122  11:05  Stimpack, Combat Shield  
  122  11:07  SCV x2  
  122  11:09  Marine  
  122  11:10  Marine  
  126  11:11  Refinery  
  126  11:12  Marauder x2  
  126  11:13  Refinery  
  130  11:19  Marauder  
  130  11:23  Command Center  
  132  11:25  Refinery x2  
  132  11:27  Marine x2  
  132  11:31  Engineering Bay  
  134  11:33  Marauder x2  
  134  11:36  Engineering Bay  
  138  11:41  Marauder  
  138  11:42  SCV x3  
  138  11:45  Marine x2  
  138  11:47  Concussive Shells  
  145  11:54  SCV x3  
  148  12:03  Marine  
  148  12:07  Supply Depot  
  148  12:08  Supply Depot  
  149  12:11  Supply Depot x2  
  149  12:15  Supply Depot  
  149  12:29  SCV x2, Marauder, Marine, Siege Tank  
  165  12:30  Widow Mine x2, Marauder  
  165  12:32  Marine  
  165  12:33  Marauder, Supply Depot  
  165  12:34  Supply Depot  
  165  12:36  Supply Depot  
  168  12:39  Supply Depot  
  168  12:43  Starport Reactor  
  166  12:45  SCV x3  
  166  12:46  Orbital Command, Marine  
  166  12:50  Marine x2  
  174  12:51  Marauder  
  174  12:53  Marine  
  174  12:57  SCV x3  
  178  13:04  Marine  
  179  13:08  Marauder, Marine  
  179  13:09  SCV x3, Command Center  
  179  13:10  Barracks  
  179  13:11  Barracks  
  179  13:12  Marauder x2  
  189  13:15  Barracks  
  187  13:21  SCV  
  187  13:22  Marine  
  187  13:25  Marine  
  190  13:30  Marauder, Medivac x2  
  190  13:33  Marauder  
  190  13:34  Marauder  
  200  13:38  Terran Infantry Weapons Level 2  
  200  13:39  Terran Infantry Armor Level 1  
  200  13:40  Marine  
  199  13:42  Neosteel Armor  
  199  13:43  Marine  
  200  13:50  Missile Turret  
  200  13:55  Refinery x2  
  200  14:11  Missile Turret  
  200  14:19  Missile Turret  
  192  14:32  Missile Turret  
  177  14:57  Marauder  
  177  14:58  Marauder x2, Marine x3  
  177  15:19  Marauder x3, Medivac x2  
  187  15:21  Thor  
  187  15:25  Widow Mine x2  
  187  15:26  Marine x3  
  198  15:40  Marauder x2  
  198  15:41  Marauder  
  179  15:46  Widow Mine x2  
  152  15:51  Marine  
  152  15:53  Barracks Tech Lab x2  
  152  15:54  Barracks Tech Lab, Marine  
  145  16:02  Marauder x3  
  142  16:04  Thor  
  142  16:08  Widow Mine x2  
  142  16:09  Marine  
  142  16:11  Medivac x2  
  157  16:12  Marine  
  158  16:23  Marauder x3  
  160  16:27  Marine  
  160  16:29  Widow Mine, Marine  
  159  16:41  Medivac x2  
  159  16:44  Marauder x4  
  159  16:45  Marauder x2, Marine  
  174  16:47  Marine, Thor  
  174  16:53  Orbital Command  
  174  16:54  Refinery  
  181  16:57  Refinery  
  181  17:03  Marine  
  181  17:05  Marauder x2, Marine  
  181  17:06  Marauder x4  
  195  17:20  Marine  
  196  17:26  Marauder  
  196  17:27  Marauder x2  
  200  17:42  Armory  
  200  17:52  Command Center  
Tags
 
Add a new tag
Caveats
  • Supply blocks, unpowered buildings, or Contaminate may cause inaccurate times.
  • Supply counts are checked every 10 seconds.